 Dungeon Crawl Stone Soup version 0.19.3-1-g3169bf9 (console) character file.

80 Kloppie the Skirmisher (level 4, -3/41 HPs)
             Began as a Ghoul Berserker on Jan 25, 2017.
             Was a Believer of Trog.
             Slain by Natasha (7 damage)
             ... on level 2 of the Dungeon.
             The game lasted 00:02:22 (1759 turns).

Kloppie the Skirmisher (Ghoul Berserker)            Turns: 1759, Time: 00:02:23

Health: -3/41      AC:  6    Str: 17 (19) XL:     4   Next: 39%
Magic:  3/3        EV: 11    Int:  2 (3)  God:    Trog [**....]
Gold:   57         SH:  0    Dex:  7 (9)  Spells: 0 memorised, 3 levels left

rFire  . . .     SeeInvis .     a - +0 hand axe
rCold  + . .     Gourm    .     o - +0 ring mail
rNeg   + + +     Faith    .     (no shield)
rPois  ∞         Spirit   .     (no helmet)
rElec  .         Reflect  .     (no cloak)
rCorr  .         Harm     .     b - +0 pair of gloves (curse)
MR     ++...                    (no boots)
Stlth  ..........               (no amulet)
                                (no ring)
                                (no ring)

@: regenerating, rotting
A: rotting body, claws 1, carnivore 3, cold resistance 1, negative energy
resistance 3, slow regeneration 1, torment resistance, unbreathing
a: Trog's Hand, Burn Spellbooks, Renounce Religion


You were on level 2 of the Dungeon.
You worshipped Trog.
Trog was pleased with you.
You were not hungry.

You visited 1 branch of the dungeon, and saw 3 of its levels.

You collected 57 gold pieces.

Inventory:

Hand Weapons
 a - a +0 hand axe (weapon)
Armour
 b - a cursed +0 pair of gloves (worn)
 o - a +0 ring mail (worn)
Wands
 m - a wand of iceblast (8/15)
Scrolls
 e - a scroll of remove curse {unknown}
 f - a scroll of random uselessness {unknown}
 g - 5 scrolls of identify {unknown}
 h - a scroll of enchant armour {unknown}
 i - 2 scrolls of magic mapping {unknown}
 j - a scroll of recharging {unknown}
 k - a scroll of blinking {unknown}
Comestibles
 c - a meat ration
 d - 2 chunks of flesh
 n - a beef jerky


   Skills:
 + Level 4.4 Fighting
 + Level 3.8 Axes
 - Level 1.7 Armour
 - Level 1.7 Dodging


You had 3 spell levels left.
You didn't know any spells.

Dungeon Overview and Level Annotations

Branches:
Dungeon (3/15)

Altars:

Annotations:
D:2 Natasha


Innate Abilities, Weirdness & Mutations

Your body is rotting away.
You thrive on raw meat.
You are immune to poison.
You have sharp fingernails.
You are carnivorous and can eat meat at any time.
Your flesh is cold resistant. (rC+)
You are immune to negative energy. (rN+++)
You regenerate slowly when monsters are visible.
You are immune to unholy pain and torment.
You can survive without breathing.


Message History

Natasha is heavily wounded.
Natasha claws you.
* * * LOW HITPOINT WARNING * * *
You closely miss Natasha.
Natasha is heavily wounded.
Natasha claws you.
* * * LOW HITPOINT WARNING * * *
You hit Natasha but do no damage.
Natasha is heavily wounded.
Natasha claws you.
* * * LOW HITPOINT WARNING * * *
Natasha misses you.
You aren't carrying any potions.
You hit Natasha.
Natasha is severely wounded.
Natasha barely misses you.
You closely miss Natasha.
Natasha is severely wounded.
Natasha claws you!
You die...

####.# ##.#######
.....####........#
...........#####.#
###..#####.# #.#
.....# #.# #.#
###.## #.# #.# #.#
#.# #.# #.# #.###
#h# #.# #...# #@#
#.# ###.# #.# #.#
#.# #.# ###.###
#.# #.#
......######.###.#
..#.#.....<......#
..#.###.......####
........#####...#
#.####### #.#.#


You could see Natasha.

Vanquished Creatures
  Ijyb (D:2)
  An adder (D:2)
  An ooze (D:2)
  A worm (D:2)
  A dart slug (D:2)
  A leopard gecko (D:1)
  A giant cockroach (D:1)
  5 goblins
  6 hobgoblins
  3 jackals (D:1)
  A ball python (D:1)
  3 bats
  4 frilled lizards
  4 kobolds (D:2)
  3 rats
36 creatures vanquished.

Notes
Turn   | Place    | Note
-------+----------+-------------------------------------------
     0 | D:1      | Kloppie the Ghoul Berserker began the quest for the Orb.
     0 | D:1      | Reached XP level 1. HP: 19/19 MP: 0/0
   256 | D:1      | Reached XP level 2. HP: 22/26 MP: 1/1
  1116 | D:2      | Reached XP level 3. HP: 30/32 MP: 2/2
  1299 | D:2      | Reached ** piety under Trog
  1299 | D:2      | Reached skill level 4 in Fighting
  1363 | D:2      | Noticed Ijyb
  1378 | D:2      | Killed Ijyb
  1378 | D:2      | Reached XP level 4. HP: 39/41 MP: 3/3
  1723 | D:3      | Noticed Natasha
  1756 | D:2      | HP: 2/41 [Natasha (6)]
  1759 | D:2      | Slain by Natasha

Skill      XL: |  1  2  3 |
---------------+----------+-----
Axes           | 3 |  3.8
Fighting       | 4 |  4.4
Armour         | |  1.7
Dodging        | |  1.7

Action                   |  1- 3 |  4- 6 || total
-------------------------+-------+-------++-------
Melee: Hand axe          |   117 |    43 ||   160
Invok: Trog's Hand       |       |     2 ||     2
  Use: Potion            |     3 |     1 ||     4
  Eat: Chunk             |     5 |       ||     5
Armor: Animal skin       |    14 |       ||    14
       Ring mail         |    12 |    13 ||    25
Dodge: Dodged            |    67 |    29 ||    96
